 Dungeon Crawl Stone Soup version 0.31-a0-237-g2d982f9f85 (webtiles) character file.

Game seed: 7339224171269726202

46 qw the Shooter (level 3, -2/21 HPs)
             Began as a Gargoyle Hexslinger on July 11, 2023.
             Slain by a goblin
             ... wielding a +0 dagger
             ... led by Robin
              (4 damage)
             ... on level 2 of the Dungeon.
             The game lasted 00:00:27 (1048 turns).

qw the Shooter (Gargoyle Hexslinger)                Turns: 1048, Time: 00:00:28

Health: -2/21      AC:  6    Str: 11    XL:     3   Next: 66%
Magic:  4/4        EV:  8    Int: 13    God:
Gold:   129        SH:  0    Dex: 14    Spells: 3/4 levels left

rFire   . . .        a - +1 sling
rCold   . . .        (no shield)
rNeg    + . .        e - +0 leather armour
rPois   inf          (no helmet)
rElec   +            (no cloak)
rCorr   .            (no gloves)
SInv    +            (no boots)
Will    .....        b - amulet of faith
Stlth   +            d - ring of see invisible
HPRegen 0.23/turn    (no ring)
MPRegen 0.09/turn

%: faith
@: constricted
A: sickness immunity, AC +3, negative energy resistance 1, electricity
resistance, torment resistance 1, petrification resistance
a: no special abilities


You were on level 2 of the Dungeon.
You visited 1 branch of the dungeon, and saw 2 of its levels.

You collected 129 gold pieces.


Innate Abilities, Weirdness & Mutations

You are immune to sickness and miasma.
Your stone body is resilient. (AC +3)
You are immune to poison.
You resist negative energy. (rN+)
You are resistant to electric shocks. (rElec)
You are resistant to unholy torment.
You are immune to petrification.


   Skills:
 - Level 2.2 Fighting
 + Level 3.4 Ranged Weapons
 - Level 1.5 Dodging
 - Level 1.0 Spellcasting
 - Level 2.6 Hexes


You had 3 spell levels left.
You knew the following spells:

 Your Spells              Type           Power      Damage    Failure   Level
a - Slow                  Hex            28%        N/A       12%         1

Your spell library contained the following spells:

 Spells                   Type           Power      Damage    Failure   Level
 Inner Flame              Hex/Fire       4%         N/A       54%         3
 Portal Projectile        Hex/Tloc       8%         N/A       54%         3
 Cause Fear               Hex            3%         N/A       77%         4

Inventory:

Hand Weapons
 a - a +1 sling (weapon)
Armour
 e - a +0 leather armour (worn)
 i - a +0 helmet
 j - a +3 leather armour
Jewellery
 b - an amulet of faith (around neck)
 d - a ring of see invisible (left hand)
Scrolls
 g - 3 scrolls of identify {unknown}
Potions
 c - a potion of heal wounds {unknown}
 f - a potion of resistance {unknown}
 h - a potion of attraction {unknown}
 k - a potion of brilliance {unknown}

Dungeon Overview and Level Annotations

Branches:
Dungeon (2/15)

Altars:

Annotations:
D:2 Robin


Message History

A hobgoblin comes into view. It is carrying a wand of polymorph (2).
A hobgoblin comes into view.
The goblin barely misses you.
The hobgoblin moves out of view.
You shoot a sling bullet.
The sling bullet closely misses the hobgoblin.
The sling bullet closely misses Robin.
Robin throws the goblin at you! The goblin completely misses you.
The goblin barely misses you. The hobgoblin barely misses you.
You shoot a sling bullet. The hobgoblin shouts!
The sling bullet hits the hobgoblin but does no damage.
The hobgoblin is moderately wounded.
The ball python bites you but does no damage.
The ball python barely misses you.
The goblin hits you but does no damage. x2
A goblin comes into view. It is wielding a +0 dagger.
A goblin comes into view. It is wielding a +0 club.
The ball python barely misses you. The ball python closely misses you.
The goblin hits you with a +0 dagger of speed.
You shoot a sling bullet.
The sling bullet hits the hobgoblin but does no damage.
The hobgoblin is moderately wounded.
The goblin closely misses you. The ball python bites you.
The ball python closely misses you.
A hobgoblin comes into view.
The goblin closely misses you.
The goblin hits you with a +0 dagger of speed.
The hobgoblin barely misses you.
The goblin hits you but does no damage. x2
You shoot a sling bullet. The hobgoblin shouts!
The sling bullet hits the hobgoblin.
The hobgoblin is almost dead.
The ball python closely misses you. The ball python grabs you.
The ball python constricts you. The goblin hits you with a +0 dagger.
The hobgoblin hits you but does no damage.
The goblin hits you with a +0 club. The goblin hits you but does no damage.
The goblin barely misses you. The ball python bites you.
The ball python constricts you.
The goblin hits you but does no damage. x2
The hobgoblin hits you but does no damage.
The goblin hits you with a +0 dagger.
You die...

#.......#####.. #.......##.....
###.?..##..##.. ##...##.###..
##### . ##.......###.. #...## ..
##.<........... .....##...#######
#.............#
......#........g###.............#
......#...##..gg@g...##.........#
....>.#........ggS...........####
.....# ........ggg.##...#.####
.....######.....g.........## ####
......# ##...gg..#.......###...
......# ##...g...##...#........
....#.#####.............##.......
....#..#................#........
....#.(..)..........#...#........


You could see Robin, 5 hobgoblins, 7 goblins and a ball python.

Vanquished Creatures
  An adder (D:2)
  A worm (D:2)
  5 endoplasms
  3 goblins
  5 hobgoblins
  A quokka (D:2)
  2 ball pythons
  4 bats
  2 frilled lizards
  5 kobolds
  4 rats
33 creatures vanquished.

Notes
Turn   | Place    | Note
-------+----------+-------------------------------------------
     0 | D:1      | qw the Gargoyle Hexslinger began the quest for the Orb.
     0 | D:1      | Reached XP level 1. HP: 12/12 MP: 2/2
     0 | D:1      | 0 ||| qw: Version: 0.3-a-52-g30416fa
     0 | D:1      | 0 ||| qw: Game counter: 5848
     0 | D:1      | 0 ||| qw: Melee chars always use a shield: true
     0 | D:1      | 0 ||| qw: God list: Okawaru
     0 | D:1      | 0 ||| qw: Allow faded altars: false
     0 | D:1      | 0 ||| qw: Do Orc after clearing Dungeon:15 true
     0 | D:1      | 0 ||| qw: Do second Lair branch before Depths: true
     0 | D:1      | 0 ||| qw: Lair rune preference: random
     0 | D:1      | 0 ||| qw: Goals: Normal
     0 | D:1      | 0 ||| PLANNING D:1-11
   191 | D:1      | You fall into a shaft and drop 1 floor!
   195 | D:2      | 195 ||| UPGRADING to +0 leather armour.
   205 | D:2      | 205 ||| DROPPING +0 robe.
   206 | D:2      | 206 ||| DROPPING amulet of magic regeneration.
   207 | D:2      | 207 ||| UPGRADING to ring of see invisible.
   208 | D:2      | 208 ||| DROPPING scroll of poison.
   220 | D:1      | Found a faded altar of an unknown god.
   335 | D:1      | Reached XP level 2. HP: 16/16 MP: 3/3
   586 | D:1      | Reached skill level 3 in Ranged Weapons
   701 | D:1      | 701 ||| UPGRADING to amulet of faith.
   781 | D:2      | Reached XP level 3. HP: 21/21 MP: 4/4
  1042 | D:2      | Noticed Robin
  1048 | D:2      | HP: 4/21 [goblin/+0 club[Robin] (3)]
  1048 | D:2      | Slain by a goblin

Levels and vault maps discovered:
D:1:      minmay_arrival_diagonal_passages, layout_loops_ring,
          hellmonk_ecumenical_altar_arch_garden, st_stairs_14
D:2:      layout_rooms, uniq_robin

Skill      XL: |  1  2 |
---------------+-------+-----
Ranged Weapons | 3 |  3.4
Fighting       | 2 |  2.2
Dodging        | |  1.5
Spellcasting   | |  1.0
Hexes          | |  2.6

Action                     || total
---------------------------++-------
   Fire: Sling             ||   108
 Armour: Leather armour    ||    22
  Dodge: Dodged            ||    38

Table legend:
 A = Non-vault XP
 B = Vault XP
 C = Vault XP percentage of total XP
 D = Non-vault monster count
 E = Vault monster count
 F = Vault count percentage of total count
                 A         B        C        D         E       F
            +---------+---------+-------+---------+---------+-------
      Total |      64 |       2 |   3.0 |      32 |       1 |   3.0
            +---------+---------+-------+---------+---------+-------
        D:1 |      16 |       2 |  11.1 |      12 |       1 |   7.7
        D:2 |      48 |       0 |   0.0 |      20 |       0 |   0.0
            +---------+---------+-------+---------+---------+-------
